TOP OF THE 1ST |
Hendersonville Hitmen batting - Pitching for So Cal Henvy : RHP Juan González
|
Pitching: RHP Juan González
|
|
Batting: RHB Eduardo García
|
0-0: Called Strike 0-1: Fly out, F8 (Flyball, 8RM)
|
Batting: LHB Lorenzo Quintanilla
|
0-0: SINGLE (Line Drive, 6MD)
|
Batting: RHB Manolo Román
|
0-0: Called Strike 0-1: Fly out, F8 (Flyball, 8RD)
|
Batting: LHB Tony Abete
|
0-0: Swinging Strike 0-1: Fielders Choice at 2nd, U6 (Groundball, 6M)
|
Top of the 1st over - 0 run(s), 1 hit(s), 0 error(s), 1 left on base; Hendersonville 0 - So Cal 0 |
BOTTOM OF THE 1ST |
So Cal Henvy batting - Pitching for Hendersonville Hitmen : LHP Simon Martel
|
Pitching: LHP Simon Martel
|
|
Batting: SHB Miguel González
|
0-0: Swinging Strike 0-1: Ball 1-1: Swinging Strike 1-2: Strikes out looking
|
Batting: RHB Earl Wiggins
|
0-0: Ball 1-0: Foul Ball, location: 2F 1-1: Called Strike 1-2: Ball 2-2: Strikes out looking
|
Batting: LHB John Peterson
|
0-0: Called Strike 0-1: Called Strike 0-2: Ball 1-2: Ball 2-2: SINGLE (Line Drive, 4)
|
Batting: RHB Rubén Calderón
|
0-0: Foul Ball, location: 2F 0-1: Foul Ball, location: 2F 0-2: Fielders Choice at 2nd, U6 (Groundball, 6M)
|
Bottom of the 1st over - 0 run(s), 1 hit(s), 0 error(s), 1 left on base; Hendersonville 0 - So Cal 0 |
TOP OF THE 2ND |
Hendersonville Hitmen batting - Pitching for So Cal Henvy : RHP Juan González
|
Batting: RHB Robert Buckley
|
0-0: Called Strike 0-1: Called Strike 0-2: Ball 1-2: Foul Ball, location: 2F 1-2: Ball 2-2: Foul Ball, location: 2F 2-2: Strikes out swinging
|
Batting: RHB Felipe Rivera
|
0-0: Ball 1-0: SINGLE (Groundball, 56D)
|
Batting: RHB Bill Mark
|
0-0: Ball 1-0: Ball 2-0: Grounds into double play, U6-3 (Groundball, 6M)
|
Top of the 2nd over - 0 run(s), 1 hit(s), 0 error(s), 0 left on base; Hendersonville 0 - So Cal 0 |
BOTTOM OF THE 2ND |
So Cal Henvy batting - Pitching for Hendersonville Hitmen : LHP Simon Martel
|
Batting: LHB José Antonio Santiago
|
0-0: Fly out, F8 (Flyball, 8LM)
|
Batting: RHB Morgan Gibbon
|
0-0: Ball 1-0: Ground out 4-3 (Groundball, 4M)
|
Batting: RHB Edouard Padovano
|
0-0: Ball 1-0: Called Strike 1-1: Ball 2-1: Ground out 1-3 (Groundball, 23)
|
Bottom of the 2nd over - 0 run(s), 0 hit(s), 0 error(s), 0 left on base; Hendersonville 0 - So Cal 0 |
TOP OF THE 3RD |
Hendersonville Hitmen batting - Pitching for So Cal Henvy : RHP Juan González
|
Batting: RHB Taylor McFarland
|
0-0: Ball 1-0: Called Strike 1-1: Ball 2-1: Ball 3-1: Ground out 5-3 (Groundball, 56)
|
Batting: RHB Robert Bly
|
0-0: Foul Ball, location: 2F 0-1: Called Strike 0-2: Ball 1-2: Strikes out looking
|
Batting: RHB Eduardo García
|
0-0: Foul Ball, location: 2F 0-1: Ball 1-1: Swinging Strike 1-2: Foul Ball, location: 2F 1-2: DOUBLE (Line Drive, 9LS)
|
Batting: LHB Lorenzo Quintanilla
|
0-0: Fly out, F7 (Flyball, 78S)
|
Top of the 3rd over - 0 run(s), 1 hit(s), 0 error(s), 1 left on base; Hendersonville 0 - So Cal 0 |
BOTTOM OF THE 3RD |
So Cal Henvy batting - Pitching for Hendersonville Hitmen : LHP Simon Martel
|
Batting: RHB Greg Handrahan
|
0-0: Ball 1-0: DOUBLE (Flyball, 7LD)
|
Batting: RHB Gregg Nelson
|
0-0: Ball 1-0: Ball 2-0: Ball 3-0: Called Strike 3-1: Called Strike 3-2: Foul Ball, location: 2F 3-2: Ground out 6-3 (Groundball, 6) Greg Handrahan to third
|
Batting: SHB Miguel González
|
0-0: Foul Ball, location: 2F 0-1: Foul Ball, location: 2F 0-2: Ball 1-2: Ground out 6-3 (Groundball, 6M) Greg Handrahan scores
|
Batting: RHB Earl Wiggins
|
0-0: SINGLE (Line Drive, 7LS)
|
Batting: LHB John Peterson
|
0-0: SINGLE (Groundball, 3D) Earl Wiggins to second Runner from 2nd tries for 3rd, SAFE, throw made to third
|
Batting: RHB Rubén Calderón
|
0-0: Ball 1-0: SINGLE (Groundball, 6MD) Earl Wiggins scores John Peterson to second
|
Batting: LHB José Antonio Santiago
|
0-0: Foul Ball, location: 2F 0-1: Foul Ball, location: 2F 0-2: Foul Ball, location: 2F 0-2: Ball Wild Pitch! John Peterson to third Rubén Calderón to second 1-2: Foul Ball, location: 2F 1-2: Foul Ball, location: 2F 1-2: Foul Ball, location: 2F 1-2: Ball 2-2: Strikes out swinging
|
Bottom of the 3rd over - 2 run(s), 4 hit(s), 0 error(s), 2 left on base; Hendersonville 0 - So Cal 2 |
TOP OF THE 4TH |
Hendersonville Hitmen batting - Pitching for So Cal Henvy : RHP Juan González
|
Batting: RHB Manolo Román
|
0-0: Called Strike 0-1: Ground out 4-3 (Groundball, 13)
|
Batting: LHB Tony Abete
|
0-0: Ball 1-0: SINGLE (Line Drive, 8LS)
|
Batting: RHB Robert Buckley
|
0-0: Ball 1-0: Foul Ball, location: 2F 1-1: Called Strike 1-2: Strikes out looking Tony Abete is caught stealing 2nd base Batter strikes out.
|
Top of the 4th over - 0 run(s), 1 hit(s), 0 error(s), 0 left on base; Hendersonville 0 - So Cal 2 |
BOTTOM OF THE 4TH |
So Cal Henvy batting - Pitching for Hendersonville Hitmen : LHP Simon Martel
|
Batting: RHB Morgan Gibbon
|
0-0: Ball 1-0: Ball 2-0: Ball 3-0: Called Strike 3-1: Foul Ball, location: 2F 3-2: Base on Balls
|
Batting: RHB Edouard Padovano
|
0-0: Ball 1-0: Called Strike 1-1: Swinging Strike 1-2: Ball 2-2: Strikes out swinging
|
Batting: RHB Greg Handrahan
|
0-0: Swinging Strike 0-1: Ball Wild Pitch! Morgan Gibbon to second 1-1: Ground out 1-3 (Groundball, 15S)
|
Batting: RHB Gregg Nelson
|
0-0: Swinging Strike 0-1: Ball 1-1: Called Strike 1-2: Strikes out swinging
|
Bottom of the 4th over - 0 run(s), 0 hit(s), 0 error(s), 1 left on base; Hendersonville 0 - So Cal 2 |
TOP OF THE 5TH |
Hendersonville Hitmen batting - Pitching for So Cal Henvy : RHP Juan González
|
Batting: RHB Felipe Rivera
|
0-0: Ball 1-0: Ball 2-0: Called Strike 2-1: Foul Ball, location: 2F 2-2: Fly out, F7 (Flyball, 78M)
|
Batting: RHB Bill Mark
|
0-0: Foul Ball, location: 2F 0-1: Called Strike 0-2: Ball 1-2: Ball 2-2: Foul Ball, location: 2F 2-2: Ball 3-2: Fly out, F8 (Flyball, 8LM)
|
Batting: RHB Taylor McFarland
|
0-0: Foul Ball, location: 2F 0-1: Ball 1-1: Ball 2-1: Foul Ball, location: 2F 2-2: Ball 3-2: Fly out, F9 (Popup, 34D)
|
Top of the 5th over - 0 run(s), 0 hit(s), 0 error(s), 0 left on base; Hendersonville 0 - So Cal 2 |
BOTTOM OF THE 5TH |
So Cal Henvy batting - Pitching for Hendersonville Hitmen : LHP Simon Martel
|
Batting: SHB Miguel González
|
0-0: Called Strike 0-1: SINGLE (Line Drive, 56D)
|
Batting: RHB Earl Wiggins
|
0-0: Called Strike 0-1: Ball 1-1: Ball 2-1: Swinging Strike 2-2: Foul Ball, location: 2F 2-2: Strikes out swinging
|
Batting: LHB John Peterson
|
0-0: Called Strike 0-1: Ball 1-1: Ball 2-1: Grounds out, U3 (Groundball, 3L)
|
Batting: RHB Rubén Calderón
|
0-0: Ball Wild Pitch! Miguel González to third 1-0: Fly out, F6 (Line Drive, 6)
|
Bottom of the 5th over - 0 run(s), 1 hit(s), 0 error(s), 1 left on base; Hendersonville 0 - So Cal 2 |
TOP OF THE 6TH |
Hendersonville Hitmen batting - Pitching for So Cal Henvy : RHP Juan González
|
Batting: RHB Robert Bly
|
0-0: Called Strike 0-1: Swinging Strike 0-2: Ball 1-2: Strikes out swinging
|
Batting: RHB Eduardo García
|
0-0: Swinging Strike 0-1: Swinging Strike 0-2: Ball 1-2: Foul Ball, location: 2F 1-2: Ball 2-2: Ball 3-2: DOUBLE (Flyball, 8RXD)
|
Batting: LHB Lorenzo Quintanilla
|
0-0: Called Strike 0-1: Ball 1-1: Ball 2-1: Fly out, F7 (Flyball, 7M)
|
Batting: RHB Manolo Román
|
0-0: Called Strike 0-1: Ball 1-1: Ball 2-1: Ball 3-1: Foul Ball, location: 2F 3-2: SINGLE (Groundball, 5L) Eduardo García to third Eduardo García scores
|
Batting: LHB Tony Abete
|
0-0: Ball 1-0: Foul Ball, location: 2F 1-1: Ground out 5-3 (Groundball, 56)
|
Top of the 6th over - 1 run(s), 2 hit(s), 0 error(s), 1 left on base; Hendersonville 1 - So Cal 2 |
BOTTOM OF THE 6TH |
So Cal Henvy batting - Pitching for Hendersonville Hitmen : LHP Simon Martel
|
Batting: LHB José Antonio Santiago
|
0-0: Ball 1-0: Ball 2-0: Ground out U3 (Groundball, 3)
|
Batting: RHB Morgan Gibbon
|
0-0: Foul Ball, location: 2F 0-1: Ball 1-1: Ground out 4-3 (Groundball, 4)
|
Batting: RHB Edouard Padovano
|
0-0: Called Strike 0-1: Swinging Strike 0-2: Ball 1-2: Ball 2-2: Ground out 4-3 (Groundball, 4)
|
Bottom of the 6th over - 0 run(s), 0 hit(s), 0 error(s), 0 left on base; Hendersonville 1 - So Cal 2 |
TOP OF THE 7TH |
Hendersonville Hitmen batting - Pitching for So Cal Henvy : RHP Juan González
|
Batting: RHB Robert Buckley
|
0-0: Ball 1-0: Foul Ball, location: 2F 1-1: Ball 2-1: Foul Ball, location: 2F 2-2: Strikes out swinging
|
Batting: RHB Felipe Rivera
|
0-0: Foul Ball, location: 2F 0-1: Ball 1-1: Ball 2-1: Swinging Strike 2-2: Ground out 3-1 (Groundball, 34)
|
Batting: RHB Bill Mark
|
0-0: DOUBLE (Line Drive, 7LM)
|
Pinch Hitting: SHB David Johnstone
|
0-0: Ground out 3-1 (Groundball, 34)
|
Top of the 7th over - 0 run(s), 1 hit(s), 0 error(s), 1 left on base; Hendersonville 1 - So Cal 2 |
BOTTOM OF THE 7TH |
So Cal Henvy batting - Pitching for Hendersonville Hitmen : LHP Simon Martel
|
Pitching: LHP Alfonso Ramos
|
|
Now at 1B: David Johnstone
|
|
Batting: RHB Greg Handrahan
|
0-0: Ball 1-0: Called Strike 1-1: Foul Ball, location: 2F 1-2: Ball 2-2: DOUBLE (Line Drive, 5L)
|
Pinch Hitting: SHB Esteban Silva
|
0-0: Intentional Walk
|
Batting: SHB Miguel González
|
0-0: Ball 1-0: Foul Ball, location: 2F 1-1: Ball 2-1: Sac Bunt - play at first, batter OUT! 2-4 Greg Handrahan to third Esteban Silva to second
|
Batting: RHB Earl Wiggins
|
0-0: Intentional Walk
|
Batting: LHB John Peterson
|
0-0: Foul Ball, location: 2F 0-1: Ball 1-1: SINGLE (Line Drive, 4MD) Greg Handrahan scores Esteban Silva to third Earl Wiggins to second Runner from 3rd tries for Home, SAFE, throw made home Earl Wiggins to third John Peterson to second
|
Batting: RHB Rubén Calderón
|
0-0: Intentional Walk
|
Pitching: RHP Francisco Carrasco
|
|
Batting: LHB José Antonio Santiago
|
0-0: SINGLE (Groundball, 4M) Earl Wiggins scores John Peterson to third Rubén Calderón to second Runner from 3rd tries for Home, SAFE, throw made home Rubén Calderón to third José Antonio Santiago to second
|
Batting: RHB Morgan Gibbon
|
0-0: Ground out 6-3 (Groundball, 6M) Rubén Calderón scores José Antonio Santiago to third
|
Batting: RHB Edouard Padovano
|
0-0: Ball 1-0: SINGLE (Groundball, 6M) José Antonio Santiago scores
|
Batting: RHB Greg Handrahan
|
0-0: Swinging Strike 0-1: Ball 1-1: Ball 2-1: Ground out 1-3 (Groundball, 25)
|
Bottom of the 7th over - 6 run(s), 4 hit(s), 0 error(s), 1 left on base; Hendersonville 1 - So Cal 8 |
TOP OF THE 8TH |
Hendersonville Hitmen batting - Pitching for So Cal Henvy : RHP Juan González
|
Pitching: RHP Jim Nelson
|
|
Now at SS: Al Mills
|
|
Batting: RHB Robert Bly
|
0-0: Ball 1-0: Ground out 2-3 (Groundball, 2L)
|
Batting: RHB Eduardo García
|
0-0: Ball 1-0: Ball 2-0: Foul Ball, location: 2F 2-1: Ground out 1-3 (Groundball, 23)
|
Pinch Hitting: RHB Junior Vargas
|
0-0: Ball 1-0: Ground out 6-3 (Groundball, 6)
|
Top of the 8th over - 0 run(s), 0 hit(s), 0 error(s), 0 left on base; Hendersonville 1 - So Cal 8 |
BOTTOM OF THE 8TH |
So Cal Henvy batting - Pitching for Hendersonville Hitmen : RHP Francisco Carrasco
|
Now at 1B: Junior Vargas
|
|
Batting: LHB Al Mills
|
0-0: Foul Ball, location: 2F 0-1: Ball 1-1: Foul Ball, location: 2F 1-2: SINGLE (Flyball, 8LS)
|
Batting: SHB Miguel González
|
0-0: Sac Bunt - play at second, runner OUT! 1-6
|
Batting: RHB Earl Wiggins
|
0-0: Ball 1-0: Ball 2-0: Called Strike 2-1: Foul Ball, location: 2F 2-2: Ball 3-2: Strikes out swinging Miguel González steals 2nd base Batter strikes out.
|
Batting: LHB John Peterson
|
0-0: Called Strike 0-1: Ground out 4-3 (Groundball, 4)
|
Bottom of the 8th over - 0 run(s), 1 hit(s), 0 error(s), 1 left on base; Hendersonville 1 - So Cal 8 |
TOP OF THE 9TH |
Hendersonville Hitmen batting - Pitching for So Cal Henvy : RHP Jim Nelson
|
Batting: RHB Manolo Román
|
0-0: Called Strike 0-1: Ball 1-1: Swinging Strike 1-2: Strikes out swinging
|
Batting: LHB Tony Abete
|
0-0: Called Strike 0-1: Swinging Strike 0-2: Strikes out swinging
|
Batting: RHB Robert Buckley
|
0-0: Called Strike 0-1: Foul Ball, location: 2F 0-2: Ball 1-2: Ground out 2-3 (Groundball, 2R)
|
Top of the 9th over - 0 run(s), 0 hit(s), 0 error(s), 0 left on base; Hendersonville 1 - So Cal 8 |
|